 Dungeon Crawl Stone Soup version 0.29-a0-91-gdebf4667c2 (webtiles) character file.

Game seed: 8637789144805757604

189 YayAnonymity the Digger (level 5, -5/28 HPs)
             Began as a Gargoyle Earth Elementalist on Feb 7, 2022.
             Slain by a gnoll sergeant (10 damage)
             ... on level 4 of the Dungeon.
             The game lasted 00:04:37 (2904 turns).

YayAnonymity the Digger (GrEE)                      Turns: 2904, Time: 00:04:38

Health: -5/28      AC:  6    Str: 11    XL:     5   Next: 68%
Magic:  1/8        EV: 11    Int: 18    God:
Gold:   266        SH:  0    Dex: 10    Spells: 4/8 levels left

rFire   . . .      SeeInvis .   a - +2 dagger (pain)
rCold   . . .      Faith    .   (no shield)
rNeg    + . .      Spirit   .   b - +0 robe
rPois   ∞          Reflect  .   (no helmet)
rElec   +          Harm     .   p - scarf {repulsion}
rCorr   .          Rampage  .   (no gloves)
Will    .....                   (no boots)
Stlth   ++........              o - amulet of regeneration
HPRegen 0.89/turn               (no ring)
MPRegen 0.11/turn               (no ring)

@: repel missiles
A: sickness immunity, AC +4, negative energy resistance 1, electricity
resistance, torment resistance 1, petrification resistance
a: no special abilities


You were on level 4 of the Dungeon.
You visited 1 branch of the dungeon, and saw 4 of its levels.

You collected 266 gold pieces.

Inventory:

Hand Weapons
 a - a +2 dagger of pain (weapon)
Missiles
 c - 47 stones
Armour
 b - a +0 robe (worn)
 p - a scarf of repulsion (worn)
Jewellery
 o - an amulet of regeneration (around neck)
Scrolls
 e - a scroll of enchant weapon {unknown}
 f - a scroll of magic mapping {unknown}
 h - a scroll of torment {unknown}
 k - 2 scrolls of teleportation {unknown}
 l - a scroll of immolation {unknown}
 r - a scroll of holy word {unknown}
 s - a scroll of identify
Potions
 d - 2 potions of ambrosia
 g - a potion of curing {unknown}
 i - 2 potions of heal wounds
 j - a potion of berserk rage {unknown}
 m - a potion of haste {unknown}
 n - 2 potions of invisibility
 q - a potion of resistance {unknown}


   Skills:
 - Level 1.5 Dodging
 - Level 2.1 Stealth
 - Level 2.0 Spellcasting
 - Level 0.7 Transmutations
 + Level 7.4 Earth Magic


You had 4 spell levels left.
You knew the following spells:

 Your Spells              Type           Power      Damage    Failure   Level
a - Sandblast             Erth           56%        2d13      1%          1
b - Stone Arrow           Conj/Erth      30%        3d8       12%         3

Your spell library contained the following spells:

 Spells                   Type           Power      Damage    Failure   Level
 Passwall                 Tmut/Erth      13%        N/A       4%          2
 Beastly Appendage        Tmut           8%         N/A       14%         1
 Wereblood                Tmut           4%         N/A       21%         2
 Petrify                  Tmut/Erth      16%        N/A       32%         4
 Spider Form              Tmut/Pois      3%         N/A       43%         3
 Gell's Gravitas          Tloc           1%         N/A       47%         3
 Lesser Beckoning         Tloc           1%         N/A       47%         3
 Teleport Other           Tloc           1%         N/A       47%         3


Dungeon Overview and Level Annotations

Branches:
Dungeon (4/15)
 Temple: D:4-7

Altars:

Shops:
D:1 *

Annotations:
D:3 exclusion: necrophage


Innate Abilities, Weirdness & Mutations

You are immune to sickness and miasma.
Your stone body is resilient. (AC +4)
You are immune to poison.
You resist negative energy. (rN+)
You are resistant to electric shocks. (rElec)
You are resistant to unholy torment.
You are immune to petrification.


Message History

Aiming: Sandblast (safe; 1% risk of failure)
Press: ? - help, Shift-Dir - straight line, f/p - gnoll sergeant
Aim: a gnoll sergeant, wielding a +0 spear, wearing a +0 ring mail and wearing a +2 buckler (moderately wounded, 86% to hit)
The blast of sand hits the gnoll sergeant but does no damage.
The gnoll sergeant is moderately wounded.
The gnoll sergeant hits you with a +0 spear.
Casting: Sandblast (safe; 1% risk of failure)
Confirm with . or Enter, or press ? or * to list all spells.
Aiming: Sandblast (safe; 1% risk of failure)
Press: ? - help, Shift-Dir - straight line, f/p - gnoll sergeant
Aim: a gnoll sergeant, wielding a +0 spear, wearing a +0 ring mail and wearing a +2 buckler (moderately wounded, 86% to hit)
The blast of sand hits the gnoll sergeant!
The gnoll sergeant is severely wounded.
The gnoll closely misses you.
The gnoll sergeant hits you with a +0 spear.
Casting: Sandblast (safe; 1% risk of failure)
Confirm with . or Enter, or press ? or * to list all spells.
Aiming: Sandblast (safe; 1% risk of failure)
Press: ? - help, Shift-Dir - straight line, f/p - gnoll sergeant
Aim: a gnoll sergeant, wielding a +0 spear, wearing a +0 ring mail and wearing a +2 buckler (severely wounded, 86% to hit)
The gnoll sergeant blocks the blast of sand.
The gnoll hits you but does no damage. The gnoll sergeant barely misses you.
Casting: Sandblast (safe; 1% risk of failure)
Confirm with . or Enter, or press ? or * to list all spells.
Aiming: Sandblast (safe; 1% risk of failure)
Press: ? - help, Shift-Dir - straight line, f/p - gnoll sergeant
Aim: a gnoll sergeant, wielding a +0 spear, wearing a +0 ring mail and wearing a +2 buckler (severely wounded, 86% to hit)
The gnoll sergeant blocks the blast of sand.
The gnoll hits you but does no damage.
The gnoll sergeant hits you but does no damage.
You hit the gnoll sergeant but do no damage.
The gnoll sergeant is severely wounded.
The gnoll hits you with a +0 whip.
The gnoll sergeant hits you with a +0 spear!
* * * LOW HITPOINT WARNING * * *
You hit the gnoll.
The gnoll is moderately wounded.
The gnoll hits you but does no damage.
The gnoll sergeant hits you with a +0 spear!
You die...

... #.#
#.# #.#
... #$#
#K#
##g###
#@g..#
#....#
#........
#......##
#....###
.....#
......
#....##


You could see a gnoll sergeant, a gnoll and a kobold.

Vanquished Creatures
  A necrophage (D:3)
  2 gnolls (D:4)
  4 adders
  2 dart slugs
  2 bats (D:3)
  6 endoplasms
  3 giant cockroaches
  4 goblins
  3 hobgoblins
  5 ball pythons
  2 frilled lizards
  7 kobolds
  2 rats
43 creatures vanquished.

Vanquished Creatures (others)
  A fungus (D:3)
  4 toadstools (D:3)
5 creatures vanquished.

Grand Total: 48 creatures vanquished

Notes
Turn   | Place    | Note
-------+----------+-------------------------------------------
     0 | D:1      | YayAnonymity the Gargoyle Earth Elementalist began the
                  | quest for the Orb.
     0 | D:1      | Reached XP level 1. HP: 10/10 MP: 3/3
   380 | D:1      | Reached skill level 4 in Earth Magic
   516 | D:1      | Found Tulef's Assorted Antiques.
   523 | D:1      | Reached XP level 2. HP: 15/15 MP: 1/5
  1406 | D:2      | Found a faded altar of an unknown god.
  1426 | D:2      | Reached skill level 5 in Earth Magic
  1426 | D:2      | Reached XP level 3. HP: 17/19 MP: 6/6
  1786 | D:3      | Noticed a necrophage
  2068 | D:3      | Learned a level 3 spell: Stone Arrow
  2078 | D:3      | Killed a necrophage
  2079 | D:3      | Reached skill level 6 in Earth Magic
  2079 | D:3      | Reached XP level 4. HP: 21/24 MP: 2/7
  2079 | D:3      | Reached XP level 5. HP: 25/28 MP: 2/8
  2151 | D:3      | Reached skill level 7 in Earth Magic
  2904 | D:4      | Slain by a gnoll sergeant

Illustrated notes

Levels and vault maps discovered:
D:1:      dpeg_arrival_arbitrary_c, layout_loops_cross, serial_shops,
          nicolae_shop_hallway_plus
D:2:      layout_rooms, ebering_ecumenical_altar_mist
D:3:      layout_basic, minmay_gold_behind_fungi, solitary_fountain
D:4:      layout_rooms, serial_rivers, chequers_serial_rivers_small_b,
          chequers_serial_rivers_micro_c, chequers_serial_rivers_micro_a,
          chequers_serial_rivers_large_a

Skill      XL: |  1  2  3  4  5 |
---------------+----------------+-----
Earth Magic    | 4 5 6 7 |  7.4
Dodging        | |  1.5
Stealth        | |  2.1
Spellcasting   | |  2.0
Transmutations | |  0.7

Action                   |  1- 3 |  4- 6 || total
-------------------------+-------+-------++-------
Melee: Trident           |    86 |     7 ||    93
       Dagger            |       |     8 ||     8
 Cast: Sandblast         |     8 |    22 ||    30
  Use: Scroll            |     3 |       ||     3
 Stab: Sleeping          |     5 |     2 ||     7
Armor: Robe              |    24 |     9 ||    33
Dodge: Dodged            |    57 |    10 ||    67

Table legend: (Time is in decaauts)
 A = Elapsed time spent in this place.
 B = Non-inter-level travel time spent in this place.
 C = Inter-level travel time spent in this place.
 D = Time resting spent in this place.
 E = Time spent auto-exploring this place.
 F = Levels seen in this place.
 G = Mean time per level.
                   A        B        C        D        E       F      G
               +--------+--------+--------+--------+--------+-----+--------+
         Total |   2933 |   2801 |    132 |    167 |   2218 |   4 |  733.2 |
       Dungeon |   2933 |   2801 |    132 |    167 |   2218 |   4 |  733.2 |
               +--------+--------+--------+--------+--------+-----+--------+

Top non-repeatable levels by time:
     D:1: 1113 daAuts
     D:3: 1035 daAuts
     D:2: 754 daAuts
     D:4: 29 daAuts
